PR
MEMPHIS MUSIC @ TWINSBURG TIGERS
08/11/2042
 
TOP OF THE 1ST
Memphis Music batting - Pitching for Twinsburg Tigers : RHP Raúl Nieves
Pitching: RHP Raúl Nieves
Batting: LHB Seung-yeop Yom 0-0: Swinging Strike
0-1: Ball
1-1: Swinging Strike
1-2: Strikes out looking
Batting: RHB Orlando Trujillo 0-0: Swinging Strike
0-1: Foul Ball, location: 2F
0-2: SINGLE (Groundball, 6MD, EV 99.4 MPH)
Batting: RHB Juan Pérez 0-0: Called Strike
0-1: Swinging Strike
0-2: Hit by Pitch
Orlando Trujillo to second
Batting: LHB Chiel van der Lee 0-0: Ball
1-0: Ball
2-0: Called Strike
2-1: Ball
3-1: Base on Balls
Orlando Trujillo to third
Juan Pérez to second
Batting: RHB Nestor Soliman 0-0: Called Strike
0-1: Foul Ball, location: 2F
0-2: Ball
1-2: SINGLE (Line Drive, 8RS, EV 100.6 MPH)
Orlando Trujillo scores
Juan Pérez to third
Chiel van der Lee to second
Batting: LHB Roberto Torres 0-0: Called Strike
0-1: Foul Ball, location: 2F
0-2: Grounds into double play, 1-2-3 (Groundball, 34S, EV 85.6 MPH)
Top of the 1st over - 1 run, 2 hits, 0 errors, 2 left on base; Memphis 1 - Twinsburg 0
BOTTOM OF THE 1ST
Twinsburg Tigers batting - Pitching for Memphis Music : RHP Yu-wei Kum
Pitching: RHP Yu-wei Kum
Batting: LHB Keith Garner 0-0: DOUBLE (Flyball, 7LD, EV 93.8 MPH)
Batting: RHB Alex Kelley 0-0: Ball
1-0: Fly out, F3 (Popup, 3SF, EV 79.4 MPH)
Batting: SHB Sherwin Tacod 0-0: Ball
1-0: Foul Ball, location: 2F
1-1: Ball
2-1: Foul Ball, location: 2F
2-2: Ball
3-2: Foul Ball, location: 2F
3-2: Strikes out looking
Batting: LHB Ole Geenen 0-0: Ball
1-0: Called Strike
1-1: Ball
2-1: Ball
3-1: Foul Ball, location: 2F
3-2: Strikes out swinging
Bottom of the 1st over - 0 runs, 1 hit, 0 errors, 1 left on base; Memphis 1 - Twinsburg 0
TOP OF THE 2ND
Memphis Music batting - Pitching for Twinsburg Tigers : RHP Raúl Nieves
Batting: RHB Manuel Cuevas 0-0: Ball
1-0: Foul Ball, location: 2F
1-1: Called Strike
1-2: SINGLE (Flyball, 9LS, EV 95.0 MPH)
Batting: RHB Greg Fields 0-0: Swinging Strike
0-1: Foul Ball, location: 2F
0-2: Strikes out swinging
Batting: LHB Norbert King 0-0: Grounds out, U3 (Groundball, 3L, EV 88.1 MPH)
Batting: LHB Seung-yeop Yom 0-0: Called Strike
0-1: Foul Ball, location: 2F
0-2: Fly out, F9 (Flyball, 9, EV 98.8 MPH)
Top of the 2nd over - 0 runs, 1 hit, 0 errors, 1 left on base; Memphis 1 - Twinsburg 0
BOTTOM OF THE 2ND
Twinsburg Tigers batting - Pitching for Memphis Music : RHP Yu-wei Kum
Batting: RHB Art Hensley 0-0: Foul Ball, location: 2F
0-1: Fly out, F9 (Flyball, 89M, EV 85.0 MPH)
Batting: LHB Ray Winters 0-0: Ball
1-0: Foul Ball, location: 2F
1-1: Fly out, F7 (Flyball, 78M, EV 93.8 MPH)
Batting: LHB Rommel Fflunker 0-0: Ball
1-0: Fly out, F8 (Flyball, 89XD, EV 87.5 MPH)
Bottom of the 2nd over - 0 runs, 0 hits, 0 errors, 0 left on base; Memphis 1 - Twinsburg 0
TOP OF THE 3RD
Memphis Music batting - Pitching for Twinsburg Tigers : RHP Raúl Nieves
Batting: RHB Orlando Trujillo 0-0: Called Strike
0-1: Foul Ball, location: 2F
0-2: Ball
1-2: Foul Ball, location: 2F
1-2: Ground out 6-3 (Groundball, 6, EV 100.6 MPH)
Batting: RHB Juan Pérez 0-0: Ball
1-0: Foul Ball, location: 2F
1-1: Foul Ball, location: 2F
1-2: Ball
2-2: Strikes out looking
Batting: LHB Chiel van der Lee 0-0: Ball
1-0: Ball
2-0: Called Strike
2-1: Swinging Strike
2-2: Strikes out swinging
Top of the 3rd over - 0 runs, 0 hits, 0 errors, 0 left on base; Memphis 1 - Twinsburg 0
BOTTOM OF THE 3RD
Twinsburg Tigers batting - Pitching for Memphis Music : RHP Yu-wei Kum
Batting: RHB Keith Wilfred 0-0: Ball
1-0: Foul Ball, location: 2F
1-1: Foul Ball, location: 2F
1-2: Ball
2-2: Strikes out swinging
Batting: RHB Tim Davis 0-0: Fly out, F6 (Popup, 15, EV 90.6 MPH)
Batting: LHB Keith Garner 0-0: Called Strike
0-1: Swinging Strike
0-2: SINGLE (Groundball, 6MD, EV 96.9 MPH)
Batting: RHB Alex Kelley 0-0: Ball
1-0: Foul Ball, location: 2F
1-1: Ball
2-1: Ball
3-1: Foul Ball, location: 2F
3-2: Fly out, F8 (Flyball, 8RXD, EV 98.8 MPH)
Bottom of the 3rd over - 0 runs, 1 hit, 0 errors, 1 left on base; Memphis 1 - Twinsburg 0
TOP OF THE 4TH
Memphis Music batting - Pitching for Twinsburg Tigers : RHP Raúl Nieves
Batting: RHB Nestor Soliman 0-0: Ball
1-0: Called Strike
1-1: Foul Ball, location: 2F
1-2: SINGLE (Line Drive, 34, EV 102.5 MPH)
Batting: LHB Roberto Torres 0-0: Ball
1-0: Ball
2-0: Ball
3-0: Base on Balls
Nestor Soliman to second
Batting: RHB Manuel Cuevas 0-0: Ball
1-0: Ball
2-0: Called Strike
2-1: Foul Ball, location: 2F
2-2: Strikes out swinging
Batting: RHB Greg Fields 0-0: Ball
1-0: Fly out, F8 (Flyball, 8RD, EV 102.5 MPH)
Batting: LHB Norbert King 0-0: Ball
1-0: Swinging Strike
1-1: Ground out 4-3 (Groundball, 4, EV 85.0 MPH)
Top of the 4th over - 0 runs, 1 hit, 0 errors, 2 left on base; Memphis 1 - Twinsburg 0
BOTTOM OF THE 4TH
Twinsburg Tigers batting - Pitching for Memphis Music : RHP Yu-wei Kum
Batting: SHB Sherwin Tacod 0-0: Ball
1-0: Foul Ball, location: 2F
1-1: Foul Ball, location: 2F
1-2: Foul Ball, location: 2F
1-2: Ground out 6-3 (Groundball, 56, EV 104.4 MPH)
Batting: LHB Ole Geenen 0-0: Ball
1-0: Called Strike
1-1: SINGLE (Groundball, 3, EV 92.5 MPH) (infield hit)
Batting: RHB Art Hensley 0-0: Fly out, F4 (Line Drive, 4, EV 73.1 MPH)
Batting: LHB Ray Winters 0-0: Foul Ball, location: 2F
0-1: Called Strike
0-2: Foul Ball, location: 2F
0-2: Ball
1-2: Strikes out looking
Bottom of the 4th over - 0 runs, 1 hit, 0 errors, 1 left on base; Memphis 1 - Twinsburg 0
TOP OF THE 5TH
Memphis Music batting - Pitching for Twinsburg Tigers : RHP Raúl Nieves
Pitching: RHP Emery William
Batting: LHB Seung-yeop Yom 0-0: Ball
1-0: Called Strike
1-1: Ball
2-1: Fly out, F8 (Flyball, 78D, EV 93.1 MPH)
Batting: RHB Orlando Trujillo 0-0: Called Strike
0-1: Ball
1-1: Foul Ball, location: 2F
1-2: Foul Ball, location: 2F
1-2: Strikes out swinging
Batting: RHB Juan Pérez 0-0: Ball
1-0: Foul Ball, location: 2F
1-1: Ground out 6-3 (Groundball, 6, EV 105.0 MPH)
Top of the 5th over - 0 runs, 0 hits, 0 errors, 0 left on base; Memphis 1 - Twinsburg 0
BOTTOM OF THE 5TH
Twinsburg Tigers batting - Pitching for Memphis Music : RHP Yu-wei Kum
Batting: LHB Rommel Fflunker 0-0: Called Strike
0-1: Called Strike
0-2: Ball
1-2: Ball
2-2: Ground out 6-3 (Groundball, 6, EV 82.5 MPH)
Batting: RHB Keith Wilfred 0-0: Ball
1-0: Foul Ball, location: 2F
1-1: DOUBLE (Line Drive, 9LS, EV 98.1 MPH)
Batting: RHB Tim Davis 0-0: Called Strike
0-1: Foul Ball, location: 2F
0-2: Strikes out swinging
Batting: LHB Keith Garner 0-0: Called Strike
0-1: Ball
1-1: Swinging Strike
1-2: Ground out 5-3 (Groundball, 56, EV 80.6 MPH)
Bottom of the 5th over - 0 runs, 1 hit, 0 errors, 1 left on base; Memphis 1 - Twinsburg 0
TOP OF THE 6TH
Memphis Music batting - Pitching for Twinsburg Tigers : RHP Emery William
Batting: LHB Chiel van der Lee 0-0: Foul Ball, location: 2F
0-1: Ball
1-1: Ground out 4-3 (Groundball, 4M, EV 81.9 MPH)
Pitching: RHP Ming-hoa Ngui
Batting: RHB Nestor Soliman 0-0: Ball
1-0: Foul Ball, location: 2F
1-1: Fly out, F8 (Flyball, 8RM, EV 86.2 MPH)
Batting: LHB Roberto Torres 0-0: Called Strike
0-1: Called Strike
0-2: Ball
1-2: Strikes out swinging
Top of the 6th over - 0 runs, 0 hits, 0 errors, 0 left on base; Memphis 1 - Twinsburg 0
BOTTOM OF THE 6TH
Twinsburg Tigers batting - Pitching for Memphis Music : RHP Yu-wei Kum
Batting: RHB Alex Kelley 0-0: Ball
1-0: Ball
2-0: Ball
3-0: Base on Balls
Pitching: RHP Anil Seshu
Batting: SHB Sherwin Tacod 0-0: Ball
1-0: Ball
2-0: Ball
3-0: Foul Ball, location: 2F
3-1: Base on Balls
Alex Kelley to second
Batting: LHB Ole Geenen 0-0: Called Strike
0-1: Ball
1-1: Ball
2-1: Called Strike
2-2: Fly out, F7 (Flyball, 7S, EV 95.6 MPH)
Batting: RHB Art Hensley 0-0: Called Strike
0-1: Ball
1-1: Foul Ball, location: 2F
1-2: Ball
2-2: DOUBLE (Line Drive, 78M, EV 95.0 MPH)
Alex Kelley scores
Sherwin Tacod to third
Batting: LHB Ray Winters 0-0: SINGLE (Flyball, 89S, EV 85.0 MPH)
Sherwin Tacod scores
Art Hensley to third
Runner from 3rd tries for Home, SAFE, throw by RF to home
Batting: LHB Rommel Fflunker 0-0: Ball
1-0: Ball
2-0: Foul Ball, location: 2F
2-1: Ball
3-1: Foul Ball, location: 2F
3-2: Fly out, F8 (Line Drive, 8LD, EV 93.8 MPH)
Batting: RHB Keith Wilfred 0-0: Ball
1-0: Foul Ball, location: 2F
1-1: Swinging Strike
1-2: Foul Ball, location: 2F
1-2: Foul Ball, location: 2F
1-2: Fielders Choice at 2nd, 6-4 (Groundball, 6, EV 81.2 MPH)
Bottom of the 6th over - 3 runs, 2 hits, 0 errors, 1 left on base; Memphis 1 - Twinsburg 3
TOP OF THE 7TH
Memphis Music batting - Pitching for Twinsburg Tigers : RHP Ming-hoa Ngui
Now in RF: António Martínez
Batting: RHB Manuel Cuevas 0-0: Called Strike
0-1: Swinging Strike
0-2: Ball
1-2: Strikes out swinging
Batting: RHB Greg Fields 0-0: Called Strike
0-1: Called Strike
0-2: Strikes out swinging
Batting: LHB Norbert King 0-0: Called Strike
0-1: Ground out 4-3 (Groundball, 4M, EV 108.8 MPH)
Top of the 7th over - 0 runs, 0 hits, 0 errors, 0 left on base; Memphis 1 - Twinsburg 3
BOTTOM OF THE 7TH
Twinsburg Tigers batting - Pitching for Memphis Music : RHP Anil Seshu
Batting: RHB Tim Davis 0-0: Called Strike
0-1: Called Strike
0-2: Ball
1-2: Foul Ball, location: 2F
1-2: Foul Ball, location: 2F
1-2: Strikes out swinging
Batting: RHB António Martínez 0-0: Foul Ball, location: 2F
0-1: Swinging Strike
0-2: Ball
1-2: Ball
2-2: SINGLE (Groundball, 6MD, EV 107.5 MPH)
Batting: RHB Alex Kelley 0-0: Swinging Strike
0-1: Ball
António Martínez is caught stealing 2nd base 2-4
1-1: Swinging Strike
1-2: Foul Ball, location: 2F
1-2: Foul Ball, location: 2F
1-2: Ball
2-2: Ball
3-2: Base on Balls
Batting: SHB Sherwin Tacod 0-0: Foul Ball, location: 2F
0-1: Foul Ball, location: 2F
0-2: Ball
1-2: Ball
2-2: Fly out, F9 (Line Drive, 9, EV 93.1 MPH)
Bottom of the 7th over - 0 runs, 1 hit, 0 errors, 1 left on base; Memphis 1 - Twinsburg 3
TOP OF THE 8TH
Memphis Music batting - Pitching for Twinsburg Tigers : RHP Ming-hoa Ngui
Pitching: LHP Steve Dimond
Batting: LHB Seung-yeop Yom 0-0: Ball
1-0: Called Strike
1-1: Ball
2-1: Foul Ball, location: 2F
2-2: Foul Ball, location: 2F
2-2: Ground out U3 (Groundball, 3L, EV 101.2 MPH)
Batting: RHB Orlando Trujillo 0-0: Ball
1-0: Called Strike
1-1: Swinging Strike
1-2: Strikes out swinging
Batting: RHB Juan Pérez 0-0: Ground out 6-3 (Groundball, 56, EV 78.1 MPH)
Top of the 8th over - 0 runs, 0 hits, 0 errors, 0 left on base; Memphis 1 - Twinsburg 3
BOTTOM OF THE 8TH
Twinsburg Tigers batting - Pitching for Memphis Music : RHP Anil Seshu
Batting: LHB Ole Geenen 0-0: Foul Ball, location: 2F
0-1: Ball
1-1: Called Strike
1-2: Fly out, F8 (Flyball, 8LD, EV 96.9 MPH)
Batting: RHB Art Hensley 0-0: Called Strike
0-1: SINGLE (Flyball, 89S, EV 91.2 MPH)
Pitching: LHP Dawson Nichols
Batting: LHB Ray Winters 0-0: Ball
1-0: SINGLE (Groundball, 4MD, EV 105.6 MPH)
Art Hensley to second
Batting: LHB Rommel Fflunker 0-0: Called Strike
0-1: Ball
1-1: Foul Ball, location: 2F
1-2: Ball
2-2: Foul Ball, location: 2F
2-2: Ball
3-2: Foul Ball, location: 2F
3-2: Foul Ball, location: 2F
3-2: Grounds into double play, 6-4-3 (Groundball, 6, EV 101.2 MPH)
Bottom of the 8th over - 0 runs, 2 hits, 0 errors, 1 left on base; Memphis 1 - Twinsburg 3
TOP OF THE 9TH
Memphis Music batting - Pitching for Twinsburg Tigers : LHP Steve Dimond
Batting: LHB Chiel van der Lee 0-0: Ball
1-0: Called Strike
1-1: SINGLE (Flyball, 4D, EV 83.1 MPH)
Batting: RHB Nestor Soliman 0-0: Called Strike
0-1: Ball
1-1: Ball
2-1: Ball
3-1: Base on Balls
Chiel van der Lee to second
Pinch Hitting: RHB Jason Pruitt 0-0: Foul Ball, location: 2F
0-1: Ball
1-1: Ball
2-1: Foul Ball, location: 2F
2-2: Ball
3-2: Fly out, F9 (Line Drive, 9LM, EV 91.9 MPH)
Runner from 2nd tags up, SAFE at 3rd with throw by RF
Batting: RHB Manuel Cuevas 0-0: Ball
1-0: Ball
2-0: Called Strike
2-1: Ball
3-1: Fly out, F9 (Flyball, 9, EV 85.0 MPH)
Pinch Hitting: RHB Greg Mooney 0-0: Ball
1-0: Ball
2-0: Foul Ball, location: 2F
2-1: Fielders Choice at 2nd, 6-4 (Groundball, 6, EV 78.8 MPH)
Top of the 9th over - 0 runs, 1 hit, 0 errors, 2 left on base; Memphis 1 - Twinsburg 3
Friday, March 26th, 2021 - OOTP Baseball 20.8 Build 74